 Dungeon Crawl Stone Soup version 0.29-a0-721-g7f417c9bbb (webtiles) character file.

Game seed: 2157309619807667354

8060 zeratav the Marksspriggan (level 11, -3/56 HPs)
             Began as a Spriggan Arcane Marksman on June 27, 2022.
             Was a Priest of Dithmenos.
             Slain by a gnoll sergeant
             ... wielding a +0 spear
              (7 damage)
             ... on level 10 of the Dungeon.
             The game lasted 00:32:06 (16842 turns).

zeratav the Marksspriggan (SpAM)                   Turns: 16842, Time: 00:32:07

Health: -3/56      AC:  4    Str:  6    XL:     11   Next: 4%
Magic:  14/14      EV: 24    Int: 16    God:    Dithmenos [***...]
Gold:   648        SH:  0    Dex: 19    Spells: 11/12 levels left

rFire   + . .      SeeInvis +   a - +0 sling
rCold   + . .      Faith    .   (no shield)
rNeg    . . .      Spirit   .   r - +2 robe {Will+}
rPois   .          Reflect  .   (helmet restricted)
rElec   .          Harm     .   d - scarf {rC+ rF+}
rCorr   .          Rampage  .   (gloves unavailable)
Will    ++...                   (boots unavailable)
Stlth   ++++......              (no amulet)
HPRegen 0.18/turn               (no ring)
MPRegen 0.14/turn               (no ring)

@: wreathed by umbra, very quick
A: very small, no large weapons, unfitting armour, see invisible, speed 3
a: Renounce Religion, Shadow Step


You were on level 10 of the Dungeon.
You worshipped Dithmenos.
Dithmenos was most pleased with you.
You visited 2 branches of the dungeon, and saw 11 of its levels.

You collected 648 gold pieces.


Innate Abilities, Weirdness & Mutations

You are very small and have problems with some larger weapons.
You are too small for most types of armour.
You have supernaturally acute eyesight. (SInv)
You cover ground extremely quickly. (Speed+++)


   Skills:
 + Level 5.6 Fighting
 - Level 16.0 Ranged Weapons
 - Level 10.0 Dodging
 - Level 5.0 Stealth
 - Level 1.3 Spellcasting
 - Level 3.6 Hexes


You had 11 spell levels left.
You knew the following spells:

 Your Spells              Type           Power      Damage    Failure   Level
a - Slow                  Hex            48%        N/A       4%          1

Your spell library contained the following spells:

 Spells                   Type           Power      Damage    Failure   Level
 Apportation              Tloc           2%         N/A       22%         1
 Magic Dart               Conj           4%         1d3       22%         1
 Necrotize                Necr           4%         1d4       22%         1
 Summon Small Mammal      Summ           4%         N/A       22%         1
 Scorch                   Fire           2%         2d5       32%         2
 Inner Flame              Hex/Fire       6%         N/A       32%         3
 Portal Projectile        Hex/Tloc       12%        N/A       32%         3
 Summon Guardian Golem    Hex/Summ       6%         N/A       32%         3
 Cause Fear               Hex            6%         N/A       45%         4
 Flame Wave               Conj/Fire      1%         2d4       91%         4
 Iskenderun's Battlesphe  Conj           1%         2d6       99%         5
 Iron Shot                Conj/Erth      0%         9d1       100%        6
 Summon Cactus Giant      Summ           0%         N/A       100%        6
 Spellforged Servitor     Conj/Summ      0%         N/A       100%        7

Inventory:

Hand Weapons
 a - a +0 sling (weapon)
 A - a +2 dagger of electrocution {short}
   (You took it off an orc wizard on level 6 of the Dungeon)
 G - a +1 spear of venom {polearm}
   (You took it off a gnoll sergeant on level 7 of the Dungeon)
Armour
 d - a scarf of resistance (worn)
   (You found it on level 1 of the Dungeon)
 h - a +1 cloak
   (You found it on level 1 of the Dungeon)
 r - a +2 robe of willpower (worn)
   (You took it off Jessica on level 3 of the Dungeon)
Jewellery
 E - a ring of resist corrosion
   (You found it on level 7 of the Dungeon)
Wands
 C - a wand of paralysis (22)
   (You took it off a wight on level 6 of the Dungeon)
Scrolls
 b - 2 scrolls of vulnerability {!r!r}
 c - 2 scrolls of summoning
 g - 5 scrolls of teleportation {@r4}
 i - 2 scrolls of fear
 k - a scroll of brand weapon
 m - 3 scrolls of magic mapping {unknown}
 n - 2 scrolls of blinking {unknown}
 p - a scroll of silence {unknown}
 q - a scroll of noise {unknown}
 s - 2 scrolls of poison {unknown}
 t - 3 scrolls of immolation {unknown}
 y - 3 scrolls of amnesia {unknown}
 B - a scroll of identify {@r1}
Potions
 e - 2 potions of degeneration {unknown}
 f - 4 potions of flight {unknown}
 j - a potion of mutation {unknown}
 l - 3 potions of heal wounds {unknown}
 o - a potion of cancellation {unknown}
 u - 3 potions of curing {unknown}
 v - a potion of berserk rage {unknown}
 w - a potion of attraction {unknown}
 x - 4 potions of might {unknown}
 z - a potion of invisibility {unknown}
 F - a potion of brilliance {unknown}

Dungeon Overview and Level Annotations

Branches:
Dungeon (10/15) Zot: 26191  Temple (1/1) D:5 Zot: 5960    Lair (0/6) D:10
    Orc (0/2) D:9

Altars:
Cheibriados
Dithmenos
Elyvilon
Fedhas
Gozag
Hepliaklqana
Makhleb
Nemelex Xobeh
Okawaru
Qazlal
Ru
Trog
Vehumet
Wu Jian
Xom
Zin
The Shining One

Shops:
D:4 [   D:5 [

Annotations:
D:8 Gastronok

..#.......P......#......
..#.....................
#.#......♣....♣...♣.....
..#...P..........S......
..#......P.P.P..♣.......
#.#...♣.......P...♣P....
..#....g.P..>Pg....?....
..#.....P........♣......
..#.g..P....g...@l......
..#...♣.P....P♣..P.#####
..#..........P.........
.g#......g......!.......
#.#.........P...........
#................#....?.
#.........[......#......
#............$...#......
............###### ....


You could see a water moccasin, a wyvern, a gnoll sergeant and 2 gnolls.


Message History

You take 5 damage, and now have 39/56 hp.
HP[+1]
You shoot a sling bullet.
The sling bullet hits the water moccasin.
You shoot a sling bullet.
The sling bullet hits the water moccasin.
You kill the water moccasin!
Dithmenos accepts your kill.
You shoot a sling bullet.
The sling bullet hits the water moccasin.
HP[+1]
You shoot a sling bullet.
The sling bullet hits the water moccasin!
The water moccasin closely misses you.
You shoot a sling bullet.
The sling bullet hits the water moccasin.
The water moccasin completely misses you.
You shoot a sling bullet.
The sling bullet hits the water moccasin but does no damage.
The water moccasin misses you.
You shoot a sling bullet.
The sling bullet closely misses the water moccasin.
The sling bullet hits the gnoll!
The water moccasin barely misses you.
You shoot a sling bullet.
The sling bullet hits the water moccasin but does no damage.
The water moccasin closely misses you.
You shoot a sling bullet.
The sling bullet misses the water moccasin.
The gnoll hits you with a +0 flail. The water moccasin bites you!
You are poisoned.
The water moccasin poisons you!
HP[-11]
You take 11 damage, and now have 30/56 hp.
You shoot a sling bullet.
The sling bullet hits the water moccasin but does no damage.
You feel very sick. The water moccasin bites you.
* * * LOW HITPOINT WARNING * * *
You are more poisoned.
The water moccasin poisons you!
HP[-4]
You take 4 damage, and now have 26/56 hp.
* * * LOW HITPOINT WARNING * * *
You feel very sick.
HP[-2]
You take 2 damage, and now have 24/56 hp.
* * * LOW HITPOINT WARNING * * *
You feel very sick.
HP[-3]
You take 3 damage, and now have 21/56 hp.
* * * LOW HITPOINT WARNING * * *
You feel very sick.
HP[-3]
You take 3 damage, and now have 18/56 hp.
You feel sick.
HP[-2]
You take 2 damage, and now have 16/56 hp.
You feel sick.
HP[-2]
You take 2 damage, and now have 14/56 hp.
You feel sick.
HP[-2]
You take 2 damage, and now have 12/56 hp.
You feel sick.
HP[-1]
You take 1 damage, and now have 11/56 hp.
You feel sick.
HP[-1]
You take 1 damage, and now have 10/56 hp.
You feel sick.
HP[-2]
You take 2 damage, and now have 8/56 hp.
You feel sick.
You feel sick.
HP[-1]
You take 1 damage, and now have 7/56 hp.
You feel sick.
HP[-1]
You take 1 damage, and now have 6/56 hp.
You are too injured to fight recklessly!
You feel sick.
HP[-1]
You take 1 damage, and now have 5/56 hp.
You feel sick.
HP[-1]
You take 1 damage, and now have 4/56 hp.
You feel sick.
HP[-1]
You take 1 damage, and now have 3/56 hp.
HP[+1]
You feel sick.
You are no longer poisoned.
HP[-1]
You take 1 damage, and now have 3/56 hp.
A wyvern comes into view.
HP[+1]
Found a stone staircase leading down.
The wyvern hisses angrily.
The gnoll sergeant hits you from afar with a +0 spear!
You die...

Skill      XL: |  1  2  3  4  5  6  7  8  9 10 |
---------------+-------------------------------+-----
Ranged Weapons | 3 4 5 7 8 9 10 13 16 | 16.0
Stealth        | 5 |  5.0
Dodging        | 5 10 | 10.0
Fighting       | 5 |  5.6
Spellcasting   | |  1.3
Hexes          | |  3.6

Action                   |  1- 3 |  4- 6 |  7- 9 | 10-12 || total
-------------------------+-------+-------+-------+-------++-------
 Fire: Sling             |   153 |   161 |   814 |   739 ||  1867
 Cast: Slow              |     3 |    13 |    19 |     8 ||    43
  Use: Scroll            |       |       |     4 |     1 ||     5
Armor: Robe              |     2 |     8 |    21 |     6 ||    37
Dodge: Dodged            |    79 |    36 |   153 |   222 ||   490

Levels and vault maps discovered:
D:1:      wander_arrival_abandoned_jail, layout_basic,
          dreamdust_ecumenical_altar_statues, minmay_misc_feat_columns,
          minmay_crystal_water
D:2:      layout_basic, lemuel_old_faithful
D:3:      layout_basic, nicolae_wu_jian_immortal_techniques,
          due_unseen_surprise, uniq_sigmund, uniq_jessica
D:4:      layout_cave_pods, xom_butterflies, serial_shops, nicolae_shop_stone
D:5:      layout_cave_pools, nicolae_gozag_seed_capital,
          minmay_temple_entry_drinking_statues, serial_shops, shop
D:6:      layout_cave_pods, jmf_multi_god_temple
D:7:      minmay_chambers_of_fours, layout_loops_ring, zin_treasury,
          minmay_misc_feat_doors, minmay_splitting_lines
D:8:      layout_loops_ring, old_standard_altar, minmay_misc_feat_chi,
          chequers_big_river, minmay_misc_feat_room, uniq_prince_ribbit1,
          uniq_gastronok
D:9:      layout_cave_pools, mainiacjoe_overflow_catwalk, david_orc_4,
          lightli_minifort
D:10:     layout_grid_maze, minmay_lair_entry_grove, minmay_misc_feat_rugged,
          hex_large, hangedman_feature_mirror, serial_park_tiny_pond,
          evilmike_butchery
Temple:   zaba_magenta_temple

Notes
Turn   | Place    | Note
-------+----------+-------------------------------------------
     0 | D:1      | zeratav the Spriggan Arcane Marksman began the quest for
                  | the Orb.
     0 | D:1      | Reached XP level 1. HP: 9/9 MP: 3/3
     0 | D:1      | magus.rc [v1.9.6]
    44 | D:1      | Reached skill level 3 in Ranged Weapons
   152 | D:1      | Reached XP level 2. HP: 14/14 MP: 5/5
   274 | D:1      | HP: 3/14 [jackal (2)]
   688 | D:1      | Reached skill level 4 in Ranged Weapons
   894 | D:1      | Reached XP level 3. HP: 17/17 MP: 6/6
   908 | D:1      | Found a faded altar of an unknown god.
   927 | D:1      | You pick up a book of Scorching and begin reading...
   927 | D:1      | You add the spells Scorch, Flame Wave and Summon Cactus
                  | Giant to your library.
  1276 | D:2      | You pick up a book of Power and begin reading...
  1276 | D:2      | You add the spells Iskenderun's Battlesphere, Iron Shot and
                  | Spellforged Servitor to your library.
  1437 | D:2      | Reached skill level 5 in Ranged Weapons
  1820 | D:2      | Reached XP level 4. HP: 19/21 MP: 7/7
  2351 | D:3      | Noticed Jessica
  2365 | D:3      | Killed Jessica
  2599 | D:3      | Noticed a black bear
  2675 | D:3      | Killed a black bear
  2676 | D:3      | Reached skill level 7 in Ranged Weapons
  2676 | D:3      | Reached XP level 5. HP: 11/25 MP: 8/8
  2878 | D:3      | You pick up a book of Cantrips and begin reading...
  2878 | D:3      | You add the spells Necrotize, Summon Small Mammal and
                  | Apportation to your library.
  3041 | D:3      | Found an ornate altar of the Wu Jian Council.
  3077 | D:3      | Noticed Sigmund
  3131 | D:3      | Killed Sigmund
  3132 | D:3      | Reached skill level 8 in Ranged Weapons
  3132 | D:3      | Reached XP level 6. HP: 21/29 MP: 6/9
  3711 | D:4      | Found Buudiru's Antique Armour Emporium.
  4015 | D:4      | Reached skill level 9 in Ranged Weapons
  4097 | D:4      | Found a shimmering altar of Xom.
  4113 | D:4      | magus.rc [v1.9.6]
  4421 | D:5      | Entered Level 5 of the Dungeon
  4428 | D:5      | Reached XP level 7. HP: 32/32 MP: 10/10
  4563 | D:5      | Found Izunug's Armour Boutique.
  4602 | D:5      | Reached skill level 10 in Ranged Weapons
  4664 | D:5      | Reached skill level 3 in Stealth
  4669 | D:5      | Found a staircase to the Ecumenical Temple.
  4684 | Temple   | Entered the Ecumenical Temple
  4701 | Temple   | Became a worshipper of Dithmenos the Shadowed
  4732 | Temple   | Reached skill level 5 in Stealth
  4743 | D:5      | Found an opulent altar of Gozag.
  5337 | D:6      | Reached XP level 8. HP: 37/37 MP: 11/11
  5451 | D:6      | Found a burning altar of Makhleb.
  5451 | D:6      | Found a stormy altar of Qazlal.
  5896 | D:5      | Reached skill level 11 in Ranged Weapons
  6502 | D:6      | Reached skill level 12 in Ranged Weapons
  6511 | D:6      | HP: 8/36 [wight/+5 scimitar (3)]
  6511 | D:6      | HP: 1/36 [wight/+0 falchion (7)]
  6806 | D:6      | HP: 8/33 [wight/+5 scimitar (2)]
  7524 | D:7      | Reached * piety under Dithmenos
  7707 | D:7      | Reached skill level 13 in Ranged Weapons
  8173 | D:7      | Reached XP level 9. HP: 40/40 MP: 12/12
  8680 | D:7      | Reached skill level 14 in Ranged Weapons
  9235 | D:7      | Found a glowing silver altar of Zin.
  9448 | D:8      | HP: 6/40 [electric eel/bolt of electricity (15)]
  9920 | D:8      | Reached skill level 15 in Ranged Weapons
  9925 | D:8      | Noticed Gastronok
 10214 | D:8      | Found a glowing golden altar of the Shining One.
 10363 | D:8      | Noticed Prince Ribbit
 10375 | D:8      | HP: 3/40 [Prince Ribbit (12)]
 10831 | D:8      | Reached skill level 16 in Ranged Weapons
 10831 | D:8      | Reached skill level 3 in Dodging
 11139 | D:7      | Reached skill level 4 in Dodging
 11475 | D:7      | Reached skill level 5 in Dodging
 11475 | D:7      | Reached XP level 10. HP: 22/44 MP: 13/13
 11856 | D:8      | Reached skill level 6 in Dodging
 11901 | D:8      | Killed Prince Ribbit
 12118 | D:8      | Reached skill level 7 in Dodging
 12390 | D:8      | Reached ** piety under Dithmenos
 12878 | D:9      | Reached skill level 8 in Dodging
 13622 | D:9      | Reached skill level 9 in Dodging
 13794 | D:9      | Reached skill level 10 in Dodging
 13794 | D:9      | Reached skill level 1 in Fighting
 13808 | D:9      | Reached skill level 2 in Fighting
 14100 | D:9      | Reached skill level 3 in Fighting
 14440 | D:9      | Found a white marble altar of Elyvilon.
 14489 | D:9      | Noticed a cyclops
 15133 | D:9      | HP: 12/49 [orc warrior/+0 scimitar (13)]
 15138 | D:9      | HP: 8/49 [poisoned by a kobold]
 15461 | D:9      | Reached skill level 4 in Fighting
 15539 | D:9      | Reached *** piety under Dithmenos
 15723 | D:9      | Found a staircase to the Orcish Mines.
 15781 | D:10     | Entered Level 10 of the Dungeon
 15787 | D:10     | You add the spells Magic Dart and Summon Guardian Golem to
                  | your library.
 15787 | D:10     | Got Etylloow's Handbook of Supportive Battle Magic
 16346 | D:9      | Reached skill level 5 in Fighting
 16502 | D:10     | Found a sacrificial altar of Ru.
 16556 | D:10     | Reached XP level 11. HP: 51/56 MP: 14/14
 16635 | D:10     | Found a staircase to the Lair.
 16814 | D:10     | HP: 14/56 [poisoned by a water moccasin]
 16819 | D:10     | HP: 8/56 [poisoned by a water moccasin]
 16824 | D:10     | HP: 5/56 [poisoned by a water moccasin]
 16829 | D:10     | HP: 3/56 [poisoned by a water moccasin]
 16842 | D:10     | Slain by a gnoll sergeant

Vanquished Creatures
  A troll (D:9)
  Prince Ribbit (D:8)
  A slime creature (D:7)
  Sigmund (D:3)
  A vampire (D:9)
  9 yaks
  2 wyverns
  A basilisk (D:10)
  A steam dragon (D:8)
  4 water moccasins
  8 orc warriors
  2 sky beasts
  5 ice beasts
  4 black bears
  5 ogres
  A wolf (D:10)
  2 kobold brigands
  3 gnoll sergeants
  A bullfrog (D:8)
  5 scorpions
  17 wights
  3 killer bees (D:7)
  4 electric eels
  A jelly (D:7)
  A hound (D:5)
  3 orc priests (D:9)
  2 gnoll shamans
  Jessica (D:3)
  An iguana (D:5)
  10 orc wizards
  16 gnolls
  3 adders
  A white imp (D:7)
  An ufetubus (D:6)
  2 worms
  26 orcs
  5 endoplasms
  A giant cockroach (D:4)
  5 goblins
  6 hobgoblins
  8 jackals
  A quokka (D:1)
  7 ball pythons
  4 bats
  5 frilled lizards
  16 kobolds
  9 rats
217 creatures vanquished.

Vanquished Creatures (others)
  An orc wizard (D:4)
  3 fungi (D:10)
  25 plants
29 creatures vanquished.

Grand Total: 246 creatures vanquished

Table legend:
 A = Non-vault XP
 B = Vault XP
 C = Vault XP percentage of total XP
 D = Non-vault monster count
 E = Vault monster count
 F = Vault count percentage of total count
                 A         B        C        D         E       F
            +---------+---------+-------+---------+---------+-------
      Total |    8381 |    3134 |  27.2 |     182 |      36 |  16.5
            +---------+---------+-------+---------+---------+-------
        D:1 |      65 |       0 |   0.0 |      32 |       0 |   0.0
        D:2 |      38 |       0 |   0.0 |      14 |       0 |   0.0
        D:3 |     169 |     263 |  60.9 |      19 |       2 |   9.5
        D:4 |     143 |       0 |   0.0 |       5 |       0 |   0.0
        D:5 |     949 |     163 |  14.7 |      13 |       2 |  13.3
        D:6 |     342 |       0 |   0.0 |       7 |       0 |   0.0
        D:7 |    1833 |     519 |  22.1 |      25 |       6 |  19.4
        D:8 |    1759 |     264 |  13.0 |      24 |       1 |   4.0
        D:9 |    2798 |     699 |  20.0 |      38 |      16 |  29.6
       D:10 |     169 |    1226 |  87.9 |       4 |       9 |  69.2
     Temple |     116 |       0 |   0.0 |       1 |       0 |   0.0
            +---------+---------+-------+---------+---------+-------

Illustrated notes

Table legend:
 A = Kills in this place as a percentage of kills in entire the game.
 B = Kills by you in this place as a percentage of kills by you in the entire game.
 C = Kills by friends in this place as a percentage of kills by friends in the entire game.
 D = Other kills in this place as a percentage of other kills in the entire game.
 E = Experience gained in this place as a percentage of experience gained in the entire game.
 F = Experience gained in this place divided by the number of levels of this place that you have seen.
                   A       B       C       D       E      F
               +-------+-------+-------+-------+-------+----------------------
         Total | 100.0 | 100.0 |   N/A | 100.0 | 100.0 | 1046.8
       Dungeon |  99.5 |  99.5 |   N/A | 100.0 |  99.0 | 1139.9
        Temple |   0.5 |   0.5 |   N/A |   0.0 |   1.0 | 116.0
               +-------+-------+-------+-------+-------+----------------------

Table legend: (Time is in decaauts)
 A = Elapsed time spent in this place.
 B = Non-inter-level travel time spent in this place.
 C = Inter-level travel time spent in this place.
 D = Time resting spent in this place.
 E = Time spent auto-exploring this place.
 F = Levels seen in this place.
 G = Mean time per level.
                   A        B        C        D        E       F      G
               +--------+--------+--------+--------+--------+-----+--------+
         Total |  13011 |  12588 |    423 |   4442 |   4869 |  11 | 1182.8 |
       Dungeon |  12971 |  12552 |    419 |   4442 |   4868 |  10 | 1297.1 |
        Temple |     40 |     36 |      4 |      0 |      1 |   1 |   40.0 |
               +--------+--------+--------+--------+--------+-----+--------+

Top non-repeatable levels by time:
     D:8: 2661 daAuts
     D:9: 2220 daAuts
     D:7: 2106 daAuts
     D:5: 1548 daAuts
     D:3: 1257 daAuts
     D:1: 1015 daAuts
     D:6: 610 daAuts
     D:2: 555 daAuts
    D:10: 510 daAuts
     D:4: 487 daAuts
  Temple: 40 daAuts
